 Dungeon Crawl Stone Soup version 0.28.0-45-g0d030f2227 (webtiles) character file.

Game seed: 3087306163067332435

168 Peloso the Covered (level 5, -4/47 HPs)
             Began as a Minotaur Fighter on Apr 20, 2022.
             Killed by nerve-wracking pain
             ... invoked by Menkaure
              (13 damage)
             ... on level 4 of the Dungeon.
             The game lasted 00:03:34 (3410 turns).

Peloso the Covered (Minotaur Fighter)               Turns: 3410, Time: 00:03:34

Health: -4/47      AC: 11    Str: 20    XL:     5   Next: 24%
Magic:  4/4        EV:  7    Int:  5    God:
Gold:   179        SH:  5    Dex: 12    Spells: 4/4 levels left

rFire   . . .      SeeInvis .   a - +0 long sword
rCold   . . .      Faith    .   c - +0 buckler
rNeg    . . .      Spirit   .   k - +1 chain mail
rPois   .          Reflect  .   (helmet restricted)
rElec   .          Harm     .   (no cloak)
rCorr   .          Rampage  .   (no gloves)
Will    .....                   f - +0 pair of boots
Stlth   ..........              (no amulet)
HPRegen 0.15/turn               (no ring)
MPRegen 0.09/turn               (no ring)

@: no status effects
A: horns 2, retaliatory headbutt
a: no special abilities


You were on level 4 of the Dungeon.
You visited 1 branch of the dungeon, and saw 4 of its levels.

You collected 179 gold pieces.

Inventory:

Hand Weapons
 a - a +0 long sword (weapon)
 b - a +4 spear
Armour
 c - a +0 buckler (worn)
 f - a +0 pair of boots (worn)
 k - a +1 chain mail (worn)
Scrolls
 e - a scroll of noise {unknown}
 h - a scroll of magic mapping
 j - a scroll of enchant armour
 l - a scroll of identify {unknown}
Potions
 d - a potion of might
 g - a potion of degeneration {unknown}
 i - a potion of heal wounds
 m - a potion of lignification {unknown}


   Skills:
 + Level 4.6 Fighting
 + Level 4.1 Long Blades
 + Level 4.8 Armour
 + Level 1.2 Dodging
 + Level 0.7 Stealth
 + Level 4.1 Shields


You had 4 spell levels left.
You didn't know any spells.
Your spell library contained the following spells:

 Spells                   Type           Power      Damage    Failure   Level
 Shock                    Conj/Air       0%         1d3       100%        1
 Summon Small Mammal      Summ           0%         N/A       100%        1
 Call Canine Familiar     Summ           0%         N/A       100%        3
 Summon Guardian Golem    Hex/Summ       0%         N/A       100%        3
 Swiftness                Air            0%         N/A       100%        3
 Airstrike                Air            0%         N/A       100%        4
 Fireball                 Conj/Fire      0%         3d3       100%        5
 Iskenderun's Battlesphe  Conj           0%         2d6       100%        5
 Summon Forest            Summ/Tloc      0%         N/A       100%        5
 Conjure Ball Lightning   Conj/Air       0%         3x3d6     100%        6
 Eringya's Noxious Bog    Tmut/Pois      0%         N/A       100%        6
 Orb of Destruction       Conj           0%         9d5       100%        7
 Summon Hydra             Summ           0%         N/A       100%        7


Dungeon Overview and Level Annotations

Branches:
Dungeon (4/15)
 Temple: D:4-7

Altars:
Ashenzari

Annotations:
D:4 Menkaure


Innate Abilities, Weirdness & Mutations

You have a pair of horns on your head.
You reflexively headbutt those who attack you in melee.


Message History

Done waiting.
You climb downwards.
Level annotation: Menkaure The hobgoblin shouts!
The hobgoblin hits you.
There is a stone staircase leading up here.
You barely miss the hobgoblin. The hobgoblin hits you.
Unknown command.
You closely miss the hobgoblin.
The hobgoblin hits you but does no damage.
Menkaure gestures at you while chanting.
Pain shoots through your body!
Unknown command.
You barely miss the hobgoblin. Your headbutt misses the hobgoblin.
The hobgoblin barely misses you. You furiously retaliate!
You headbutt the hobgoblin!
You kill the hobgoblin!
Unknown command.
You hit Menkaure. You headbutt Menkaure.
Menkaure is moderately damaged.
Menkaure mumbles some strange words.
Menkaure seems to speed up.
You completely miss Menkaure.
Menkaure is moderately damaged.
Menkaure hits you! Menkaure barely misses you.
You hit Menkaure but do no damage.
Menkaure is moderately damaged.
You block Menkaure's attack.
You barely miss Menkaure. Your headbutt misses Menkaure.
Menkaure is moderately damaged.
Menkaure hits you! Menkaure hits you.
You slash Menkaure!
Menkaure is severely damaged.
Menkaure hits you!
* * * LOW HITPOINT WARNING * * *
You barely miss Menkaure.
Menkaure is severely damaged.
Menkaure gestures at you while chanting.
Pain shoots through your body!
You die...

.##.. ..... ....
#..## #### #...###
#..## #.....#####...#
##.....##.#...# .
...#...[@M......## ..
.......><#....#...#.#
..#.#..†###...#..(..#
# #...# ###.......#
#.### #..#...##..#
... ##.##..# #... #.#
..# #.... M.. ..# #..
........


You could see Menkaure (fast).

Vanquished Creatures
  An iguana (D:4)
  5 gnolls
  3 adders
  A worm (D:4)
  A dart slug (D:1)
  5 bats
  6 endoplasms
  5 giant cockroaches
  6 goblins
  6 hobgoblins
  2 jackals (D:3)
  2 quokkas (D:1)
  7 ball pythons
  2 frilled lizards (D:2)
  4 kobolds
  5 rats
61 creatures vanquished.

Notes
Turn   | Place    | Note
-------+----------+-------------------------------------------
     0 | D:1      | Peloso the Minotaur Fighter began the quest for the Orb.
     0 | D:1      | Reached XP level 1. HP: 19/19 MP: 0/0
   185 | D:1      | Reached XP level 2. HP: 23/27 MP: 1/1
   526 | D:1      | Reached XP level 3. HP: 21/33 MP: 2/2
  1612 | D:2      | Reached XP level 4. HP: 24/41 MP: 3/3
  1884 | D:2      | Found a broken altar of Ashenzari.
  2555 | D:3      | Reached skill level 1 in Dodging
  2974 | D:3      | Reached XP level 5. HP: 27/47 MP: 4/4
  3282 | D:4      | Noticed Menkaure
  3410 | D:4      | Killed from afar by Menkaure

Illustrated notes

Levels and vault maps discovered:
D:1:      onia_arrival_mini_spirals, layout_basic
D:2:      layout_loops_cross, basic_altar, minmay_circle_x
D:3:      layout_loops_ring
D:4:      layout_cave_pools, ebering_ghost_sewer_d, uniq_eustachio,
          uniq_menkaure, uniq_grinder, uniq_robin, uniq_ijyb, uniq_blork_the_orc

Skill      XL: |  1  2  3  4  5 |
---------------+----------------+-----
Long Blades    | 3 4 |  4.1
Fighting       | 4 |  4.6
Armour         | 4 |  4.8
Shields        | 4 |  4.1
Dodging        | 1 |  1.2
Stealth        | |  0.7

Action                   |  1- 3 |  4- 6 || total
-------------------------+-------+-------++-------
Melee: Long sword        |    69 |    74 ||   143
       Headbutt          |     7 |     7 ||    14
  Use: Scroll            |       |     4 ||     4
       Potion            |       |     2 ||     2
Armor: Scale mail        |    42 |       ||    42
       Chain mail        |       |    30 ||    30
Dodge: Dodged            |    25 |    22 ||    47
Block: Buckler           |    20 |    15 ||    35
